 Dungeon Crawl Stone Soup version 0.19-a0-1654-g9d3f708 (console) character file.

135 flowsnake the Slasher (level 4, 0/33 HPs)
             Began as a Demonspawn Gladiator on Sept 19, 2016.
             Slain by a centaur zombie (3 damage)
             ... on level 5 of the Dungeon on Sept 20, 2016.
             The game lasted 00:09:10 (2198 turns).

flowsnake the Slasher (Demonspawn Gladiator)        Turns: 2198, Time: 00:09:11

Health: 0/33       AC:  7    Str: 16    XL:     4   Next: 96%
Magic:  4/4        EV: 12    Int: 10    God:
Gold:   213        SH:  0    Dex: 13    Spells: 0 memorised, 3 levels left

rFire  + . .     SeeInvis .     a - +0 long sword
rCold  + . .     Gourm    .     o - +3 leather armour
rNeg   . . .     Faith    .     (no shield)
rPois  .         Spirit   .     (helmet restricted)
rElec  .         Dismiss  .     (no cloak)
rCorr  +         Reflect  .     (no gloves)
MR     .....     Harm     .     n - +0 pair of boots
Stlth  +.........               (no amulet)
                                i - ring of resist corrosion
                                e - ring of protection from cold

@: no status effects
A: horns 1, fire resistance 1, powered by death 1
a: no special abilities


You were on level 5 of the Dungeon.
You were not hungry.

You visited 1 branch of the dungeon, and saw 5 of its levels.

You collected 213 gold pieces.

Inventory:

Hand Weapons
 a - a +0 long sword (weapon)
Missiles
 d - 5 throwing nets (quivered)
Armour
 n - a +0 pair of boots (worn)
 o - a +3 leather armour (worn)
Jewellery
 e - a ring of protection from cold (left hand)
 i - a ring of resist corrosion (right hand)
 j - an uncursed ring of flight
Wands
 p - a wand of confusion (48/48)
Scrolls
 l - a scroll of magic mapping
 q - a scroll of remove curse
Potions
 b - a potion of magic
 c - a potion of mutation {unknown}
 h - 2 potions of agility
Comestibles
 f - 2 bread rations
 g - 2 fruits
 k - 2 chunks of flesh


   Skills:
 - Level 2.0 Fighting
 + Level 5.2 Long Blades
 - Level 1.7 Throwing
 - Level 2.6 Dodging


You had 3 spell levels left.
You didn't know any spells.

Dungeon Overview and Level Annotations

Branches:
Dungeon (5/15)             Temple (0/1) D:5

Altars:
Sif Muna

Annotations:
D:3 Xiguana's ghost, amateur DEFE
D:4 Kokiki's ghost, amateur HuNe


Innate Abilities, Weirdness & Mutations

You have a pair of small horns on your head.
Your flesh is heat resistant. (rF+)
You regenerate a little health from kills.


Message History

You closely miss the phantom. Your headbutt misses the phantom.
The phantom is severely damaged.
The phantom hits you!
* * * LOW HITPOINT WARNING * * *
Kokiki's ghost lets out a mournful wail.
Kokiki's ghost closely misses you.
You riposte.
You slash Kokiki's ghost!
Kokiki's ghost is severely damaged.
The phantom closely misses you. Kokiki's ghost barely misses you.
You riposte.
You barely miss Kokiki's ghost.
Kokiki's ghost is severely damaged.
Kokiki's ghost stares at you.
There is a stone staircase leading down here.
The phantom hits you.
* * * LOW HITPOINT WARNING * * *
The phantom blinks!
You climb downwards.
The ghost fades into the shadows.
Kokiki's ghost disappears!
A centaur zombie comes into view.
There is a stone staircase leading up here.
Found a staircase to the Ecumenical Temple.
The centaur zombie hits you.
You die... █▲ █████████

█· █···<···█
█████·██·███·█·███·█
█··················█
██···█·███·█·█████
█···>6·█ ███·█
██···█Z█████·█
██·██·······█ ██


█████████ You could see a centaur zombie.

Vanquished Creatures
  4 gnolls
  4 adders
  An adder skeleton (D:4)
  A worm (D:3)
  A dart slug (D:2)
  A leopard gecko (D:3)
  3 ball pythons
  4 bats
  3 giant cockroaches
  5 goblins
  6 hobgoblins
  4 jackals (D:1)
  5 kobolds (D:1)
  2 quokkas
  4 frilled lizards
  4 rats
52 creatures vanquished.

Notes
Turn   | Place    | Note
-------+----------+-------------------------------------------
     0 | D:1      | flowsnake the Demonspawn Gladiator began the quest for the Orb.
     0 | D:1      | Reached XP level 1. HP: 16/16 MP: 1/1
     8 | D:1      | Upgraded the game from 0.19-a0-1637-gfc13266 to 0.19-a0-1654-g9d3f708
    79 | D:1      | Reached skill level 3 in Long Blades
   198 | D:1      | Gained mutation: Your flesh is heat resistant. (rF+) [demonic ancestry]
   198 | D:1      | Reached XP level 2. HP: 22/22 MP: 2/2
   876 | D:2      | Gained mutation: You regenerate a little health from kills. [demonic ancestry]
   876 | D:2      | Reached XP level 3. HP: 25/27 MP: 3/3
   971 | D:2      | Reached skill level 4 in Long Blades
  1333 | D:1      | Gained mutation: You have a pair of small horns on your head. [demonic ancestry]
  1333 | D:1      | Reached XP level 4. HP: 9/33 MP: 4/4
  1632 | D:2      | Found a deep blue altar of Sif Muna.
  1888 | D:3      | Reached skill level 5 in Long Blades
  1984 | D:3      | Noticed Xiguana's ghost (amateur DEFE)
  2140 | D:4      | Noticed a phantom
  2147 | D:4      | Noticed Kokiki's ghost (amateur HuNe)
  2186 | D:5      | Entered Level 5 of the Dungeon
  2195 | D:5      | Found a staircase to the Ecumenical Temple.
  2198 | D:5      | Slain by a centaur zombie

Vault maps used:
D:1:      dpeg_arrival_orchard
D:2:      lemuel_blue_sif_altar
D:3:      first_bread, uniq_sigmund
D:4:      uniq_blork_the_orc
D:5:      kennysheep_little_box, corner_web_ring, minmay_misc_feat_x,
          uniq_grinder

Skill      XL: |  1  2  3  4 |
---------------+-------------+-----
Long Blades    | 3 4 5 |  5.2
Fighting       | |  2.0
Throwing       | |  1.7
Dodging        | |  2.6

Action                   |  1- 3 |  4- 6 || total
-------------------------+-------+-------++-------
Melee: Long sword        |   118 |    79 ||   197
       Headbutt          |       |    13 ||    13
  Use: Scroll            |     4 |    10 ||    14
  Eat: Chunk             |     1 |     3 ||     4
Armor: Leather armour    |    32 |    19 ||    51
Dodge: Dodged            |    62 |    37 ||    99
